cohdb
Replays
Latest Replays
All Replays
Popular Replays
Top Player Replays
Match Explorer
How It Works
Community
CoH3 Stats
Reddit
Sign in to upload your games and track your stats! →
Sign in with Steam
Match 42477207
Unlisted
Match 42477207
Overview
Messages
Build Orders
End
Construct Infanterie Kompanie
Kettenkrad Recon Vehicle
MG 42 Machine Gun Team
Selects Mechanized Battlegroup
Grenadier Squad
Grenadier Squad
Construct Panzergrenadier Kompanie
251 Medium Carrier
251 Medium Carrier
Panzergrenadier Officer Quarters
Selects Mobile Repair Stations
Panzergrenadier Squad
Panzergrenadier Squad
Construct Panzer Kompanie
Selects Wespe Self-propelled Artillery
Wespe Self-propelled Artillery
Panzer IV Medium Tank
Side Skirts
仙台葉月@宮城のけち
.
旧时光
象棋大师
Phan
UMirinBrah?
Dark Angels
Tirant
0
0
Comments
sign in to comment!
No comments posted yet!